 Dungeon Crawl Stone Soup version 0.23-b1-6-ga921848 (webtiles) character file.

Game seed: 17010262361913216494

109 dengdeng the Skirmisher (level 4, -1/42 HPs)
             Began as a Minotaur Abyssal Knight on Feb 2, 2019.
             Was a Believer of Lugonu.
             Slain by Natasha (3 damage)
             ... on level 3 of the Dungeon.
             The game lasted 00:07:34 (2333 turns).

dengdeng the Skirmisher (Minotaur Abyssal Knight)   Turns: 2333, Time: 00:07:35

Health: -1/42      AC:  9    Str: 18    XL:     4   Next: 59%
Magic:  4/4        EV:  4    Int:  9    God:    Lugonu [**....]
Gold:   139        SH:  7    Dex:  9    Spells: 3/3 levels left

rFire    . . .     SeeInvis .   a - +1 falchion
rCold    . . .     Gourm    +   l - +0 shield
rNeg     . . .     Faith    .   d - +0 chain mail
rPois    .         Spirit   .   (helmet restricted)
rElec    .         Reflect  .   (no cloak)
rCorr    .         Harm     .   (no gloves)
MR       .....                  (no boots)
Stlth    ..........             g - amulet of the gourmand
HPRegen  0.14/turn              p - ring of wizardry
MPRegen  0.09/turn              (no ring)

@: slowed, very slow
A: retaliatory headbutt, horns 2
a: Depart the Abyss, Bend Space, Renounce Religion


You were on level 3 of the Dungeon.
You worshipped Lugonu.
Lugonu was pleased with you.
You were very full.

You visited 1 branch of the dungeon, and saw 3 of its levels.
You visited the Abyss 1 time.

You collected 139 gold pieces.

Inventory:

Hand Weapons
 a - a +1 falchion (weapon)
Missiles
 e - 180 stones (quivered)
 s - 3 poisoned tomahawks
Armour
 d - a +0 chain mail (worn)
 l - a +0 shield (worn)
Jewellery
 g - an amulet of the gourmand (around neck)
 h - a cursed amulet of inaccuracy {unknown}
 m - an uncursed amulet of faith {unknown}
 p - a ring of wizardry (left hand)
Scrolls
 b - a scroll of teleportation {unknown}
 j - 6 scrolls of identify {unknown}
 k - a scroll of magic mapping {unknown}
 n - 2 scrolls of remove curse
Potions
 f - a potion of curing {unknown}
 i - a potion of magic {unknown}
 o - a potion of degeneration {unknown}
 r - a potion of agility {unknown}
Comestibles
 c - 3 rations
 q - 6 chunks of flesh


   Skills:
 + Level 5.1 Fighting
 * Level 4.1 Long Blades
 + Level 2.9 Armour
 + Level 1.2 Dodging
 + Level 0.3 Shields
 + Level 2.0 Invocations


You had 3 spell levels left.
You didn't know any spells.
Your spell library was empty.

Dungeon Overview and Level Annotations

Branches:
Dungeon (3/15)

Altars:

Annotations:
D:3 Natasha


Innate Abilities, Weirdness & Mutations

You reflexively headbutt those who attack you in melee.
You have a pair of horns on your head.


Message History

You feel yourself slow down.
Okay, then.
You barely miss Natasha. Your headbutt misses Natasha.
Natasha is moderately wounded.
You block Natasha's attack.
You hit Natasha but do no damage.
Natasha is moderately wounded.
You block Natasha's attack. Natasha claws you.
* * * LOW HITPOINT WARNING * * *
Unknown command.
Your shield and chain mail prevent you from hitting Natasha.
Natasha is moderately wounded.
Natasha claws you.
* * * LOW HITPOINT WARNING * * *
Natasha completely misses you. You furiously retaliate!
You headbutt Natasha, but do no damage. You closely miss Natasha.
You headbutt Natasha!
Natasha is almost dead.
Natasha claws you.
You die...

## ### ###.. #.. ..#.# ## #.#
#.#.# ... #.# #.#.###.#
##.#######÷#.....#
..#.........##.##### #
.###...........h@..# .#
#.#..####......###.# ###.###
#..#.#.........# #.# .......
#.##.......>...# #.# .......
#.####.........###.###.....%.
#.#######...##.......÷.......
............#########÷.......
..#######...# #........ ..#
##.## #........


You could see Natasha.

Vanquished Creatures
  Natasha (D:3)
  2 adders (D:3)
  An ooze (D:2)
  3 worms (D:2)
  2 dart slugs
  2 leopard geckos
  5 giant cockroaches
  2 goblins
  6 hobgoblins
  A quokka (D:2)
  3 ball pythons
  5 bats
  4 frilled lizards
  4 kobolds
  A quokka skeleton (D:3)
  7 rats
49 creatures vanquished.

Notes
Turn   | Place    | Note
-------+----------+-------------------------------------------
     0 | Abyss:1  | dengdeng the Minotaur Abyssal Knight began the quest for
                  | the Orb.
     0 | Abyss:1  | Reached XP level 1. HP: 19/19 MP: 1/1
     3 | Abyss:1  | Found a corrupted altar of Lugonu.
     8 | D:1      | Escaped the Abyss
    57 | D:1      | Reached skill level 4 in Fighting
   193 | D:1      | Reached XP level 2. HP: 28/28 MP: 2/2
   977 | D:2      | Reached ** piety under Lugonu
  1043 | D:2      | Reached XP level 3. HP: 31/34 MP: 3/3
  1725 | D:3      | Reached skill level 5 in Fighting
  2098 | D:3      | Reached XP level 4. HP: 41/42 MP: 4/4
  2285 | D:3      | Noticed Natasha
  2298 | D:3      | Killed Natasha
  2322 | D:3      | Noticed Natasha
  2332 | D:3      | HP: 2/42 [Natasha (2)]
  2333 | D:3      | Slain by Natasha

Skill      XL: |  1  2  3  4 |
---------------+-------------+-----
Fighting       | 4 5 |  5.1
Invocations    | 2 |  2.0
Long Blades    | 3 4 |  4.1
Armour         | |  2.9
Dodging        | |  1.2
Shields        | |  0.3

Action                   |  1- 3 |  4- 6 || total
-------------------------+-------+-------++-------
Melee: Falchion          |   141 |    30 ||   171
       Headbutt          |    14 |     2 ||    16
  Use: Scroll            |     1 |       ||     1
  Eat: Chunk             |    16 |       ||    16
Armor: Chain mail        |    81 |    13 ||    94
       Leather armour    |     2 |       ||     2
Dodge: Dodged            |    35 |     7 ||    42
Block: Shield            |    19 |    13 ||    32
       Rpst.: Falchion   |    13 |     2 ||    15
